 Dungeon Sprint DCSS version 0.30.1-4-g462c640d31 (webtiles) character file.

Game seed: 1734116602325521290

2148 boopmooplesden the Protected (level 9, -1/88 HPs)
             Began as an Armataur Fighter on Sept 6, 2023.
             Was the Champion of Trog.
             Killed from afar by a molten gargoyle (34 damage)
             ... with a bolt of magma
             ... in the Dungeon (Sprint VII: "The Pits").
             The game lasted 00:02:12 (1205 turns).

boopmooplesden the Protected (Armataur Fighter)     Turns: 1205, Time: 00:02:13

Health: -1/88      AC: 17    Str: 27    XL:     9   Next: 9%
Magic:  9/9        EV:  6    Int:  8    God:    Trog [******]
Gold:   0          SH:  5    Dex:  9    Spells: 8/8 levels left

rFire   . . .        v - +1 broad axe (freeze)
rCold   . . .        c - +0 buckler
rNeg    . . .        u - +3 plate armour
rPois   .            t - +0 helmet
rElec   .            (no cloak)
rCorr   .            (no gloves)
SInv    .            (no barding)
Will    .....        (no amulet) Stlth
                     (no ring)
HPRegen 0.34/turn    (no ring)
MPRegen 0.11/turn

%: no teleportation, roll
@: no status effects
A: large, rugged brown scales 3, deformed body, armoured tail, roll, long
tongue, awkward tongue
a: Renounce Religion, Berserk, Trog's Hand, Brothers in Arms


You were in the Dungeon.
You worshipped Trog.
Trog was exalted by your worship.
You visited 1 branch

Inventory:

Hand Weapons
 a - a +0 war axe
 k - a +2 hand axe
 p - a +1 hand axe of freezing
 v - a +1 broad axe of freezing (weapon)
Armour
 b - a +0 scale mail
 c - a +0 buckler (worn)
 o - a +3 chain mail
 t - a +0 helmet (worn)
 u - a +3 plate armour (worn)
Jewellery
 q - a +3 ring of intelligence
 r - a +3 ring of dexterity
Scrolls
 j - a scroll of blinking
 m - 5 scrolls of amnesia
 n - a scroll of butterflies
Potions
 d - a potion of might
 e - 10 potions of curing
 f - 10 potions of heal wounds
 g - a potion of haste
 h - 4 potions of magic
 i - 3 potions of berserk rage
 l - 2 potions of invisibility
 s - a potion of resistance


   Skills:
 + Level 9.2 Fighting
 + Level 11.6 Axes
 + Level 11.7 Armour
 + Level 1.7 Dodging
 + Level 2.0 Stealth
 + Level 9.0 Shields


You had 8 spell levels left.
You didn't know any spells.
Your spell library was empty.

Dungeon Overview and Level Annotations

Branches:
Dungeon (1/1)

Altars:
Cheibriados
Dithmenos
Elyvilon
Fedhas
Gozag
Hepliaklqana
Makhleb
Nemelex Xobeh
Okawaru
Qazlal
Ru
Sif Muna
Trog
Vehumet
Wu Jian
Xom
Yredelemnul
Zin
The Shining One
Jiyva
Lugonu


Innate Abilities, Weirdness & Mutations

You are completely covered in rugged brown scales. (AC +3, +7% HP)
Armour fits poorly on your strangely shaped body.
You have a long armoured tail.
You roll when moving toward enemies. (Rampage)
Your long tongue fully drains potion bottles. (2x potion effects)
Your tongue gives you trouble enunciating. (1.5x scroll delay)


Message History

You see here a +2 spear.
You start resting.
You feel yourself speed up.
You start resting.
You recover from your berserk rage.
You start resting.
You start resting.
HP restored.
You see here a wolf skeleton.
You open the door.
A water moccasin, 2 wraiths, a molten gargoyle and a quokka come into view.
The water moccasin hisses angrily.
You roll towards the shadow!
The water moccasin barely misses you.
The water moccasin bites you but does no damage.
There is an open door here.
The quokka barely misses you.
You closely miss the quokka.
Your tail-slap misses the quokka.
The quokka bites you but does no damage.
You slash the quokka! You freeze the quokka.
You kill the quokka!
Trog accepts your kill.
The molten gargoyle blasts magma at you!
The bolt of magma hits you!
You hit the molten gargoyle but do no damage.
The molten gargoyle barely misses you.
The shadow slips into darkness.
The shadow flickers and vanishes!
Deactivating autopickup; reactivate with Ctrl-A.
You barely miss the molten gargoyle.
You tail-slap the molten gargoyle, but do no damage.
The molten gargoyle blasts magma at you!
The bolt of magma hits you!!
You hit the molten gargoyle but do no damage.
The molten gargoyle blasts magma at you!
The bolt of magma hits you!!
You hit the molten gargoyle but do no damage.
The molten gargoyle blasts magma at you!
The bolt of magma hits you!!
You die...

))#####'#####''#####
))##.......##''#
.)##.......##).#
..##.......##.)# +#
'###...<...##.÷# #.##
..##.......##).# #...##
..##.......##..####.....#
####.......##...##S.....#
..###########...@9{.....+
.############...##W.....#
.#....#..[.##..####.....#
)#....#!.[.##..# #...##
)'†...'..))##..# #.##
'#....#...)##..# +#
)#....#..))##..#
################


You could see a wraith, a molten gargoyle and a water moccasin.

Vanquished Creatures
  Erolcha (D)
  A deep elf pyromancer (D)
  A komodo dragon (D)
  Sigmund (D)
  2 floating eyes (D)
  A sky beast (D)
  A wolf (D)
  A kobold brigand (D)
  A phantom (D)
  A necrophage (D)
  A bullfrog (D)
  A hell rat (D)
  6 orcs (D)
  2 bats (D)
  An endoplasm (D)
  A giant cockroach (D)
  A goblin (D)
  7 jackals (D)
  A quokka (D)
  A ball python (D)
  A ball python skeleton (D)
  A giant cockroach zombie (D)
  2 rats (D)
37 creatures vanquished.

Notes
Turn   | Place    | Note
-------+----------+-------------------------------------------
     0 | D        | boopmooplesden the Armataur Fighter began the quest for the
                  | Orb.
     0 | D        | Reached XP level 1. HP: 19/19 MP: 1/1
    38 | D        | Found a bloodstained altar of Trog.
    38 | D        | Found a shimmering blue altar of Sif Muna.
    38 | D        | Found a viscous altar of Jiyva.
    38 | D        | Found a hazy altar of Hepliaklqana.
    38 | D        | Found an opulent altar of Gozag.
    39 | D        | Found a glowing golden altar of the Shining One.
    39 | D        | Found a glowing silver altar of Zin.
    39 | D        | Found a basalt altar of Yredelemnul.
    39 | D        | Found a shimmering altar of Xom.
    39 | D        | Found an ornate altar of the Wu Jian Council.
    39 | D        | Found a sacrificial altar of Ru.
    39 | D        | Found a stormy altar of Qazlal.
    39 | D        | Found an iron altar of Okawaru.
    39 | D        | Found a sparkling altar of Nemelex Xobeh.
    39 | D        | Found a burning altar of Makhleb.
    39 | D        | Found a blossoming altar of Fedhas.
    39 | D        | Found a white marble altar of Elyvilon.
    39 | D        | Found a shadowy altar of Dithmenos.
    39 | D        | Found a snail-covered altar of Cheibriados.
    41 | D        | Found a corrupted altar of Lugonu.
    41 | D        | Found a radiant altar of Vehumet.
    42 | D        | Became a worshipper of Trog the Wrathful
    57 | D        | Reached * piety under Trog
    62 | D        | Reached ** piety under Trog
    64 | D        | Noticed a floating eye
    65 | D        | Noticed a bullfrog
    68 | D        | Killed a floating eye
    69 | D        | Reached skill level 5 in Fighting
    69 | D        | Reached XP level 2. HP: 31/31 MP: 2/2
    69 | D        | Reached XP level 3. HP: 38/38 MP: 3/3
    69 | D        | Reached XP level 4. HP: 44/44 MP: 4/4
    69 | D        | Killed a bullfrog
    70 | D        | Reached XP level 5. HP: 53/53 MP: 5/5
    72 | D        | Reached *** piety under Trog
   154 | D        | Noticed a phantom
   155 | D        | Noticed a floating eye
   163 | D        | Paralysed by a floating eye for 4 turns
   169 | D        | Reached **** piety under Trog
   170 | D        | Paralysed by a floating eye for 3 turns
   176 | D        | Killed a phantom
   177 | D        | Reached skill level 5 in Axes
   179 | D        | Killed a floating eye
   180 | D        | Reached XP level 6. HP: 64/64 MP: 6/6
   182 | D        | Reached ***** piety under Trog
   202 | D        | Noticed Sigmund
   216 | D        | Killed Sigmund
   217 | D        | Reached skill level 1 in Dodging
   217 | D        | Reached XP level 7. HP: 41/70 MP: 7/7
   437 | D        | Received a gift from Trog
   786 | D        | Noticed a komodo dragon
   796 | D        | Killed a komodo dragon
   797 | D        | Reached skill level 10 in Armour
   797 | D        | Reached skill level 1 in Stealth
   797 | D        | Reached XP level 8. HP: 56/79 MP: 8/8
   958 | D        | Noticed Erolcha
   959 | D        | Noticed a deep elf pyromancer
   965 | D        | Killed a deep elf pyromancer
   965 | D        | Received a gift from Trog
   965 | D        | Reached ****** piety under Trog
   966 | D        | Reached skill level 10 in Axes
   973 | D        | Killed Erolcha
   974 | D        | Reached XP level 9. HP: 17/88 MP: 9/9
  1196 | D        | Noticed a molten gargoyle
  1205 | D        | Killed from afar by a molten gargoyle

Illustrated notes

Levels and vault maps discovered:
D:        pitsprint [storerooms_1, entrance_room_1, metal_vault_3, armoury_2,
          mini_pit_1, grid_room_1, main_hall_1, silver_pit, the_coven_3,
          the_vestibule_1, steel_vault_1, golden_pit, hallway_of_sentries,
          crystal_vault_1, iron_vault_4, final_vault]

Skill      XL: |  1  2  3  4  5  6  7  8 |
---------------+-------------------------+-----
Fighting       | 5 7 8 9 |  9.2
Armour         | 6 7 8 9 10 11 | 11.7
Shields        | 6 7 8 9 |  9.0
Axes           | 3 4 6 7 9 11 | 11.6
Dodging        | 1 |  1.7
Stealth        | 1 2 |  2.0

Action                     |  1- 3 |  4- 6 |  7- 9 || total
---------------------------+-------+-------+-------++-------
  Melee: War axe           |    12 |    37 |    37 ||    86
         Tailslap          |       |     4 |     7 ||    11
         Broad axe         |       |       |    13 ||    13
 Invoke: Berserk           |     1 |     1 |     3 ||     5
 Armour: Scale mail        |     6 |     1 |       ||     7
         Chain mail        |       |    20 |    16 ||    36
         Plate armour      |       |       |     5 ||     5
  Dodge: Dodged            |     4 |     8 |    10 ||    22
  Block: Buckler           |     5 |     5 |     8 ||    18
